 Dungeon Crawl Stone Soup version 0.22.0-27-ga576289601 (webtiles) character file.

292184 Elric the Warrior (level 19, -6/165 HPs)
             Began as a Demonspawn Fighter on Aug 22, 2018.
             Was the Champion of Ru.
             Splashed by a caustic shrike's acid (10 damage)
             ... on level 3 of the Depths.
             The game lasted 01:22:02 (41295 turns).

Elric the Warrior (Demonspawn Fighter)             Turns: 41295, Time: 01:22:03

Health: -6/165     AC: 18    Str: 35    XL:     19   Next: 98%
Magic:  19/19      EV:  9    Int:  6    God:    Ru [******]
Gold:   2307       SH: 18    Dex: 10    Spells: 17/18 levels left

rFire    + + +     SeeInvis .   N - +9 war axe (pain)
rCold    + + .     Gourm    .   y - +4 shield "Ykebef" {Regen+ Str+3 Int-3}
rNeg     + + .     Faith    .   E - +1 gold dragon scales "Agym" {rPois rF+ rC+ rN+ Int-5 Slay+3}
rPois    +         Spirit   .   I - +2 helmet
rElec    +         Reflect  .   b - +2 cloak {+Inv}
rCorr    .         Harm     .   o - +2 pair of gloves of Immorality {rElec Regen+ Str+8 Dex-4}
MR       ++...                  (boots unavailable)
Stlth    ..........             u - amulet of Darphi Kusmi {rPois rF+ rC+ rN+ Regen+}
HPRegen  1.57/turn              r - ring of protection from magic
MPRegen  0.16/turn              i - +5 ring of intelligence

@: exhausted, corroded, overwhelmed with horror, drained
A: talons 3, thin metallic scales 3, fire resistance 1, foul stench 2, powered
by death 1, shaggy fur 1, rot immunity, no stealth, cowardly, no ice magic, no
translocations magic, no transmutations magic, inexperienced 1
}: 2/15 runes: barnacled, gossamer
a: Draw Out Power, Power Leap, Apocalypse, Renounce Religion, Evoke Invisibility


You were on level 3 of the Depths.
You worshipped Ru.
Ru was exalted by your worship.
You were not hungry.

You visited 7 branches of the dungeon, and saw 35 of its levels.
You also visited: Labyrinth, Sewer and Ossuary.

You collected 4138 gold pieces.
You spent 1831 gold pieces at shops.

Inventory:

Hand Weapons
 J - a +2 broad axe of electrocution
 N - a +9 war axe of pain (weapon)
Armour
 b - a +2 cloak of invisibility (worn)
 o - the +2 pair of gloves of Immorality (worn) {rElec Regen+ Str+8 Dex-4}
   (You found it on level 13 of the Dungeon)

   It affects your strength (+8).
   It affects your dexterity (-4).
   It insulates you from electricity.
   It increases your rate of regeneration.
 y - the +4 shield "Ykebef" (worn) {Regen+ Str+3 Int-3}
   (You acquired it on level 10 of the Dungeon)

   It affects your strength (+3).
   It affects your intelligence (-3).
   It increases your rate of regeneration.
 E - the +1 gold dragon scales "Agym" (worn) {rPois rF+ rC+ rN+ Int-5 Slay+3}
   (You bought it in a shop on level 10 of the Dungeon)

   It affects your intelligence (-5).
   It affects your accuracy and damage with ranged weapons and melee attacks
   (+3).
   It protects you from fire.
   It protects you from cold.
   It protects you from poison.
   It protects you from negative energy.
 I - a +2 helmet (worn)
Jewellery
 i - a +5 ring of intelligence (right hand)
 k - an uncursed ring of resist corrosion {unknown}
 r - a ring of protection from magic (left hand)
 u - the amulet of Darphi Kusmi (around neck) {rPois rF+ rC+ rN+ Regen+}
   (You found it on level 1 of the Depths)

   [amulet of regeneration]

   It protects you from fire.
   It protects you from cold.
   It protects you from poison.
   It protects you from negative energy.
   It increases your rate of regeneration.
 H - a cursed ring of teleportation {unknown}
 Y - a +4 ring of slaying
Wands
 a - a wand of enslavement (7)
 h - a wand of clouds (3)
 n - a wand of digging (46)
 x - a wand of flame (111)
 F - a wand of iceblast (39)
 Q - a wand of paralysis (49)
 R - a wand of polymorph (27)
 S - a wand of random effects (90)
 U - a wand of scattershot (5)
 Z - a wand of acid (45)
Scrolls
 g - 10 scrolls of fog
 j - 21 scrolls of remove curse
 p - 6 scrolls of amnesia
 q - 10 scrolls of identify
 s - a scroll of enchant armour
 v - a scroll of fear
 C - 7 scrolls of magic mapping
 D - a scroll of summoning
 G - 2 scrolls of brand weapon
 V - a scroll of silence
 W - 3 scrolls of blinking
Potions
 c - a potion of mutation
 d - 14 potions of brilliance
 e - 3 potions of might
 l - 3 potions of cancellation
 m - 2 potions of heal wounds
 t - 6 potions of haste
 w - 3 potions of agility
 z - 22 potions of curing
 A - 5 potions of magic
 B - 7 potions of flight
 M - a potion of invisibility
 O - 3 potions of resistance
Miscellaneous
 P - a phantom mirror
Comestibles
 f - 37 rations


   Skills:
 + Level 18.8(18.3) Fighting
 + Level 16.2(15.8) Axes
 + Level 11.0(10.6) Armour
 + Level 7.7(7.4) Dodging
 + Level 12.6(12.2) Shields
 + Level 18.0(17.5) Necromancy


You had 17 spell levels left.
You knew the following spells:

 Your Spells              Type           Power        Failure   Level  Hunger
a - Animate Skeleton      Necr           N/A          1%          1    ##.....

Your spell library contained the following spells:

 Spells                   Type           Power        Failure   Level  Hunger
 Pain                     Necr           #...         1%          1    ##.....
 Vampiric Draining        Necr           #.........   2%          3    ####...
 Animate Dead             Necr           N/A          9%          4    #####..
 Regeneration             Chrm/Necr      #.........   67%         3    ####...
 Confusing Touch          Hex            #.....       100%        1    ##.....
 Corona                   Hex            #......      100%        1    ##.....
 Flame Tongue             Conj/Fire      #....        100%        1    ##.....
 Magic Dart               Conj           #...         100%        1    ##.....
 Shock                    Conj/Air       #...         100%        1    ##.....
 Sting                    Conj/Pois      #...         100%        1    ##.....
 Summon Small Mammal      Summ           #...         100%        1    ##.....
 Call Imp                 Summ           #.......     100%        2    ###....
 Poisonous Vapours        Pois/Air       #.....       100%        2    ###....
 Searing Ray              Conj           #.....       100%        2    ###....
 Slow                     Hex            #.......     100%        2    ###....
 Throw Flame              Conj/Fire      #.....       100%        2    ###....
 Call Canine Familiar     Summ           #.......     100%        3    ####...
 Confuse                  Hex            #.......     100%        3    ####...
 Dazzling Spray           Conj/Hex       #.....       100%        3    ####...
 Inner Flame              Hex/Fire       #.......     100%        3    ####...
 Mephitic Cloud           Conj/Pois/Air  #.......     100%        3    ####...
 Summon Guardian Golem    Hex/Summ       #.......     100%        3    ####...
 Tukima's Dance           Hex            #.......     100%        3    ####...
 Airstrike                Air            #.........   100%        4    #####..
 Cause Fear               Hex            #.........   100%        4    #####..
 Fulminant Prism          Conj/Hex       #.........   100%        4    #####..
 Iskenderun's Mystic Bla  Conj           #.......     100%        4    #####..
 Leda's Liquefaction      Hex/Erth       #.........   100%        4    #####..
 Olgreb's Toxic Radiance  Pois           #.......     100%        4    #####..
 Summon Lightning Spire   Summ/Air       #.......     100%        4    #####..
 Bolt of Magma            Conj/Fire/Erth #.........   100%        5    ######.
 Fireball                 Conj/Fire      #.........   100%        5    ######.
 Iskenderun's Battlesphe  Conj/Chrm      #.......     100%        5    ######.
 Venom Bolt               Conj/Pois      #.........   100%        5    ######.
 Bolt of Fire             Conj/Fire      #.........   100%        6    #######
 Iron Shot                Conj/Erth      #.........   100%        6    #######
 Poison Arrow             Conj/Pois      #.........   100%        6    #######
 Orb of Destruction       Conj           #.........   100%        7    #######
 Ring of Flames           Chrm/Fire      #.........   100%        7    #######
 Spellforged Servitor     Conj/Summ      #.........   100%        7    #######
 Chain Lightning          Conj/Air       #.........   100%        8    #######
 Ignition                 Fire           #.........   100%        8    #######
 Lehudib's Crystal Spear  Conj/Erth      #.........   100%        8    #######
 Fire Storm               Conj/Fire      #.........   100%        9    #######
 Apportation              Tloc           Unusable     N/A         1    N/A
 Beastly Appendage        Tmut           Unusable     N/A         1    N/A
 Ensorcelled Hibernation  Hex/Ice        Unusable     N/A         2    N/A
 Sticks to Snakes         Tmut           Unusable     N/A         2    N/A
 Gell's Gravitas          Tloc           Unusable     N/A         3    N/A
 Ignite Poison            Fire/Tmut/Pois Unusable     N/A         3    N/A
 Portal Projectile        Hex/Tloc       Unusable     N/A         3    N/A
 Spider Form              Tmut/Pois      Unusable     N/A         3    N/A
 Force Lance              Conj/Tloc      Unusable     N/A         4    N/A
 Ice Form                 Ice/Tmut       Unusable     N/A         4    N/A
 Petrify                  Tmut/Erth      Unusable     N/A         4    N/A
 Summon Ice Beast         Ice/Summ       Unusable     N/A         4    N/A
 Alistair's Intoxication  Tmut/Pois      Unusable     N/A         5    N/A
 Blade Hands              Tmut           Unusable     N/A         5    N/A
 Metabolic Englaciation   Hex/Ice        Unusable     N/A         5    N/A
 Yara's Violent Unravell  Hex/Tmut       Unusable     N/A         5    N/A
 Glaciate                 Conj/Ice       Unusable     N/A         9    N/A

Dungeon Overview and Level Annotations

Branches:
Dungeon (15/15)            Temple (1/1) D:7            Lair (6/6) D:9
 Shoals (4/4) Lair:4       Spider (4/4) Lair:4        Slime (0/5) Lair:6
    Orc (2/2) D:12            Elf (0/3) Orc:2        Vaults (0/5) D:14
 Depths (3/5) D:15

Altars:
Ashenzari
Cheibriados
Dithmenos
Elyvilon
Fedhas
Gozag
Hepliaklqana
Kikubaaqudgha
Makhleb
Nemelex Xobeh
Okawaru
Qazlal
Ru
Sif Muna
Trog
Uskayaw
Vehumet
Wu Jian
Xom
Yredelemnul
Zin
The Shining One
Beogh

Shops:
D:4 (   D:6 (   D:10 *   D:12 (   Orc:2 }[[?   Shoals:4 ?   Depths:1 =}}

Portals:
Hell: Depths:1 Depths:2 Depths:3

Annotations:
D:8 2 runed doors, Morrissey's ghost, novice MiFi
D:15 3 runed doors, Boyl's ghost, novice FoEn
Lair:5 exclusion: 2 oklob plants
Spider:4 1 runed door, Zeklih's ghost, adept SpEn


Innate Abilities, Weirdness & Mutations

You have claws for feet.
You are completely covered in thin metallic scales. (AC +4, rElec)
You frequently emit foul miasma when damaged in melee.
You regenerate a little health from kills.
You are immune to rotting.
You cannot be stealthy.
Your cowardice makes you less effective in combat with threatening monsters.
You cannot study or cast Ice magic.
You cannot study or cast Translocations magic.
You cannot study or cast Transmutations magic.
You are somewhat inexperienced. (-2 XL)
Your flesh is heat resistant. (rF+)
You are covered in fur. (AC +1)


Message History

You hit the deep troll shaman but do no damage.
The deep troll shaman writhes in agony.
The caustic shrike claws you.
* * * LOW HITPOINT WARNING * * *
The acid corrodes you!
You are splashed with acid!
The acid burns!
* * * LOW HITPOINT WARNING * * *
You focus your will and illuminate the caustic shrike in retribution!
The deep troll shaman is engulfed in dark miasma.
The deep troll shaman looks as sick as possible!
The deep troll shaman bites you!
* * * LOW HITPOINT WARNING * * *
The deep troll shaman claws you!
* * * LOW HITPOINT WARNING * * *
You focus your will and slow the deep troll shaman in retribution!
You block the deep troll shaman's attack.
The caustic shrike is engulfed in dark miasma.
The caustic shrike looks as sick as possible!
The caustic shrike claws you.
* * * LOW HITPOINT WARNING * * *
The acid corrodes you!
You are splashed with acid!
The acid burns!
You die...

#.#.########.
#.#.#........
#.#..........
#.###.####...
##............
######..###.####.#.
#....)†## #.#......
#......## #.#.##.#.
#b@##...###.#.##.#.
#Tb###...##.#......
#TTR###...#.###[...
#.{..###...........
#.[...###...###..##
#......###...#.....
#.......###...#.###
#........###.......
#......... ##...###


You could see 2 caustic shrikes, a rakshasa, a deep troll and 2 deep troll
shamans.

Vanquished Creatures
  A golden dragon (Depths:2)
  the Enchantress (Depths:2)
  Arachne (Spider:4)
  Rupert (D:15)
  The ghost of Unwiqar the Markscentaur, an adept CeHu of Okawaru (Shoals:2)
  Asterion (Depths:2)
  A deep elf master archer (Depths:2)
  A titan (Depths:2)
  A kraken (Shoals:4)
  2 sphinxes
  Agnes (Spider:2)
  A storm dragon (shapeshifter) (Depths:2)
  4 storm dragons (Depths:2)
  4 tengu reavers (Depths:2)
  An iron dragon (Depths:2)
  2 fire giants (Depths:2)
  7 emperor scorpions (Spider:4)
  3 frost giants (Depths:2)
  A caustic shrike zombie (Depths:1)
  5 ghost moths
  An orc warlord (Orc:2)
  4 war gargoyles (Depths:2)
  4 spriggan defenders
  3 entropy weavers
  4 stone giants
  6 very ugly things
  3 spark wasps
  A dire elephant (Lair:6)
  A lorocyproca (Depths:2)
  A deep elf annihilator (Depths:2)
  A minotaur (Lab)
  4 merfolk javelineers (Shoals:4)
  6 ettins
  7 merfolk impalers
  3 yaktaur captains
  A great orb of eyes (Depths:1)
  2 fire dragons
  Erolcha (Orc:2)
  4 rakshasas
  4 vault guards (D:14)
  A hell beast (Depths:3)
  An ice dragon (shapeshifter) (Depths:2)
  A merfolk aquamancer (Shoals:4)
  A catoblepas (Depths:2)
  5 centaur warriors
  An ice dragon (Shoals:1)
  3 ogre magi (Depths:1)
  5 hydras
  3 spriggan air magi
  7 merfolk avatars
  4 satyrs
  7 death yaks
  15 two-headed ogres
  An alligator (shapeshifter) (Depths:2)
  2 tengu warriors
  A queen ant (Spider:3)
  2 alligator snapping turtles
  4 deep troll shamans (Depths:1)
  2 deep troll earth magi
  5 dancing weapons (Depths:2)
  A hell knight (Depths:2)
  Nergalle (Orc:2)
  Sonja (Orc:2)
  An iron troll (Depths:3)
  5 deep trolls
  15 sea snakes
  2 glowing orange brains (Depths:1)
  2 unseen horrors
  A wizard (Depths:1)
  An orc knight (Orc:1)
  9 harpies
  A necromancer (Depths:1)
  6 deep elf magi
  25 orb spiders
  27 wolf spiders
  12 fauns
  A shining eye (shapeshifter) (Depths:2)
  29 ugly things
  10 orc sorcerers
  3 cyclopes
  15 manticores
  A moth of wrath (shapeshifter) (Depths:2)
  28 elephants
  4 merfolk sirens
  4 black mambas
  5 centaur zombies
  2 naga magi (Depths:2)
  8 water nymphs
  5 gargoyles
  10 spiny frogs
  8 rime drakes (Lair:6)
  8 yaktaurs
  A freezing wraith (Depths:3)
  9 komodo dragons
  9 demonic crawlers
  3 meliai (D:14)
  A golden dragon simulacrum (Depths:1)
  A queen bee (Lair:3)
  3 tengu conjurers
  A red devil (Depths:3)
  A meliai (shapeshifter) (Depths:1)
  28 merfolk
  7 trolls
  6 polar bears
  2 hornets
  5 wind drakes
  35 jumping spiders
  A polar bear (shapeshifter) (Depths:3)
  13 slime creatures
  24 blink frogs
  12 hippogriffs
  4 dream sheep
  An ice dragon zombie (Depths:1)
  4 snapping turtles
  59 redbacks
  7 water elementals
  6 spriggans
  4 flying skulls (Depths:3)
  28 tarantellas
  A spriggan skeleton (Depths:1)
  A wraith (D:12)
  7 wyverns
  A centaur simulacrum (D:14)
  2 vampires
  2 humans
  3 basilisks
  3 hogs (D:7)
  31 yaks
  13 vampire mosquitoes
  2 hungry ghosts
  Menkaure (D:7)
  25 soldier ants (Spider:3)
  3 wargs
  2 acid dragons
  11 water moccasins
  11 porcupines
  An eye of draining (shapeshifter) (D:14)
  19 orc warriors
  An eye of draining (D:10)
  An ice beast (D:5)
  2 black bears
  3 hornet zombies
  A necrophage (D:13)
  5 sky beasts
  5 phantoms
  22 ogres
  3 wolves (Lair:6)
  34 centaurs
  An elf zombie (Ossuary)
  13 crocodiles
  3 big kobolds
  20 bullfrogs
  2 gnoll sergeants
  2 wyvern zombies
  A troll zombie (D:12)
  8 scorpions
  18 killer bees
  8 wights
  4 electric eels
  7 crimson imps
  A howler monkey (D:12)
  A bullfrog zombie (D:13)
  A human zombie (Ossuary)
  4 jellies
  2 quasits
  11 orc priests
  10 hounds
  A bullfrog skeleton (D:13)
  An iron imp (Depths:1)
  8 hell rats (Lair:1)
  7 iguanas
  34 orc wizards
  30 worker ants
  5 ogre zombies (D:12)
  3 mummies
  2 howler monkey skeletons (D:4)
  11 gnolls
  9 adders
  16 river rats
  4 shadow imps
  9 oozes
  An adder zombie (Ossuary)
  3 adder skeletons
  5 worms
  A dart slug (D:3)
  6 leopard geckos
  69 orcs
  7 giant cockroaches
  3 goblins
  5 hobgoblins
  4 jackals (D:6)
  7 quokkas
  3 ball pythons
  8 bats
  8 frilled lizards
  A goblin skeleton (D:12)
  7 goblin zombies
  A hobgoblin skeleton (D:12)
  12 hobgoblin zombies
  23 kobolds
  6 kobold zombies
  An orc skeleton (D:12)
  25 orc zombies
  22 rats
  A rat zombie (Ossuary)
  7 fungi
  5 plants
  4 tentacles (Shoals:4)
1416 creatures vanquished.

Vanquished Creatures (others)
  Nikola (Shoals:2)
  A frost giant (Shoals:4)
  An emperor scorpion (Spider:4)
  A ghost moth (Spider:4)
  A hydra (D:14)
  A spriggan air mage (Depths:2)
  A hell knight (Depths:2)
  An unseen horror (D:12)
  A deep elf mage (Depths:2)
  An orc knight (D:14)
  2 orb spiders
  A stone giant zombie (Depths:1)
  A gargoyle (Lab)
  A spiny frog (Lair:5)
  A polar bear (Lair:4)
  A merfolk (Shoals:4)
  2 blink frogs (Lair:6)
  A hippogriff (Lair:6)
  A redback (Spider:1)
  A soldier ant (Spider:3)
  2 orc wizards
  A hell rat (Lair:1)
  An orc (Orc:2)
  A kobold (D:11)
  A bush (Shoals:1)
  42 fungi
  14 plants
  10 tentacles (Shoals:4)
94 creatures vanquished.

Grand Total: 1510 creatures vanquished

Notes
Turn   | Place    | Note
-------+----------+-------------------------------------------
     0 | D:1      | Elric the Demonspawn Fighter began the quest for the Orb.
     0 | D:1      | Reached XP level 1. HP: 18/18 MP: 1/1
   658 | D:1      | Gained mutation: You are immune to rotting. [demonic ancestry]
   658 | D:1      | Reached XP level 2. HP: 24/24 MP: 2/2
  1109 | D:2      | Reached skill level 1 in Stealth
  1258 | D:2      | Gained mutation: You may emit foul miasma when damaged in melee. [demonic ancestry]
  1258 | D:2      | Reached XP level 3. HP: 29/29 MP: 3/3
  1842 | D:3      | Reached XP level 4. HP: 35/35 MP: 4/4
  2001 | D:3      | Found a shimmering altar of Xom.
  2015 | D:3      | Found a shimmering altar of Xom.
  2015 | D:3      | Found a shimmering altar of Xom.
  2015 | D:3      | Found a shimmering altar of Xom.
  2015 | D:3      | Found a shimmering altar of Xom.
  2016 | D:3      | Found a shimmering altar of Xom.
  2016 | D:3      | Found a shimmering altar of Xom.
  2365 | D:4      | Noticed an ogre
  2371 | D:4      | Killed an ogre
  2371 | D:4      | Gained mutation: You have sharp toenails. [demonic ancestry]
  2371 | D:4      | Reached XP level 5. HP: 11/42 MP: 5/5
  2518 | D:4      | Found Lish's Weapon Emporium.
  2621 | D:4      | Noticed an ogre
  2649 | D:4      | Killed an ogre
  2649 | D:4      | Gained mutation: You have razor-sharp toenails. [demonic ancestry]
  2649 | D:4      | Reached XP level 6. HP: 17/48 MP: 6/6
  2891 | D:4      | Found a glowing drain.
  2908 | Sewer    | Entered a sewer
  3708 | D:4      | Reached XP level 7. HP: 52/55 MP: 7/7
  4308 | D:5      | Entered Level 5 of the Dungeon
  4612 | D:5      | Found an ornate altar of the Wu Jian Council.
  4629 | D:5      | Reached skill level 5 in Fighting
  5024 | D:5      | Reached skill level 5 in Axes
  5024 | D:5      | Gained mutation: You regenerate a little health from kills. [demonic ancestry]
  5024 | D:5      | Reached XP level 8. HP: 63/63 MP: 8/8
  5639 | D:6      | Found Vaenejoh's Weapon Shoppe.
  6608 | D:7      | Noticed Menkaure
  6639 | D:7      | Killed Menkaure
  6730 | D:7      | Found a sand-covered staircase.
  6741 | Ossuary  | Entered an ossuary
  6864 | Ossuary  | Gained mutation: You are partially covered in thin metallic scales. (AC +2) [demonic ancestry]
  6864 | Ossuary  | Reached XP level 9. HP: 69/71 MP: 9/9
  7656 | D:7      | Found a staircase to the Ecumenical Temple.
  7679 | Temple   | Entered the Ecumenical Temple
  7890 | Temple   | Became a worshipper of Ru the Awakened
  8196 | D:8      | Noticed a troll
  8209 | D:8      | Killed a troll
  8674 | D:8      | Found a large runed door.
  8674 | D:8      | Found a large runed door.
  8676 | D:8      | Noticed Morrissey's ghost (novice MiFi)
  8785 | D:8      | Gained mutation: You frequently emit foul miasma when damaged in melee. [demonic ancestry]
  8785 | D:8      | Reached XP level 10. HP: 74/82 MP: 10/10
  9057 | D:9      | Found a blossoming altar of Fedhas.
  9115 | D:9      | Gained mutation: You are somewhat inexperienced. (-2 XL) [Ru sacrifice]
  9115 | D:9      | Reached XP level 9. HP: 75/75 MP: 9/9
  9115 | D:9      | Reached XP level 8. HP: 69/69 MP: 8/8
  9115 | D:9      | Reached * piety under Ru
  9115 | D:9      | Reached ** piety under Ru
  9115 | D:9      | Reached *** piety under Ru
  9235 | D:9      | Noticed a hornet
  9247 | D:9      | Killed a hornet
  9247 | D:9      | Reached skill level 10 in Axes
  9431 | D:6      | Bought a +4 war axe of pain for 399 gold pieces
  9434 | D:6      | Learned a level 1 spell: Animate Skeleton
  9563 | D:9      | Reached skill level 1 in Necromancy
  9569 | D:9      | Reached XP level 9. HP: 47/76 MP: 9/9
  9751 | D:9      | Found a staircase to the Lair.
 10171 | Lair:1   | Entered Level 1 of the Lair of Beasts
 10894 | Lair:1   | Noticed an eight-headed hydra
 10910 | Lair:1   | Killed an 11-headed hydra
 11146 | Lair:1   | Reached skill level 5 in Necromancy
 11209 | Lair:1   | Gained mutation: Your cowardice makes you less effective in combat with threatening monsters. [Ru sacrifice]
 11209 | Lair:1   | Reached **** piety under Ru
 11209 | Lair:1   | Reached ***** piety under Ru
 11287 | Lair:1   | Reached XP level 10. HP: 58/83 MP: 10/10
 11503 | Lair:2   | Noticed a six-headed hydra
 11509 | Lair:2   | Noticed a spiny frog
 11947 | Lair:1   | Killed a spiny frog
 12103 | Lair:1   | Killed a 12-headed hydra
 12921 | Lair:2   | Reached skill level 10 in Fighting
 13136 | Lair:3   | Noticed a five-headed hydra
 13154 | Lair:2   | Killed a six-headed hydra
 13519 | Lair:3   | Reached XP level 11. HP: 55/91 MP: 11/11
 14194 | Lair:3   | Reached skill level 10 in Necromancy
 15295 | Lair:3   | Gained mutation: You have claws for feet. [demonic ancestry]
 15295 | Lair:3   | Reached XP level 12. HP: 100/100 MP: 12/12
 15341 | Lair:3   | Gained mutation: You cannot study or cast Ice magic. [Ru sacrifice]
 15341 | Lair:3   | Gained mutation: You cannot study or cast Transmutations magic. [Ru sacrifice]
 15341 | Lair:3   | Gained mutation: You cannot study or cast Translocations magic. [Ru sacrifice]
 15668 | Lair:4   | Found a labyrinth entrance.
 15702 | Lab      | Entered a labyrinth
 16233 | Lab      | Noticed a minotaur
 16241 | Lab      | Killed a minotaur
 16634 | Lair:4   | Found a hole to the Spider Nest.
 16893 | Lair:4   | Found a staircase to the Shoals.
 17111 | Lair:4   | Reached skill level 1 in Dodging
 17552 | Lair:4   | Gained mutation: You cannot be stealthy. [Ru sacrifice]
 17552 | Lair:4   | Reached ****** piety under Ru
 17774 | Lair:5   | Noticed a death yak
 17775 | Lair:5   | Noticed a death yak
 17785 | Lair:5   | Killed a death yak
 17787 | Lair:5   | Killed a death yak
 18243 | Lair:5   | Reached XP level 13. HP: 72/107 MP: 13/13
 18837 | D:7      | Identified 2 scrolls of acquirement
 19559 | Lair:6   | Entered Level 6 of the Lair of Beasts
 19635 | Lair:6   | Reached skill level 5 in Shields
 19668 | Lair:6   | Noticed a dire elephant
 19687 | Lair:6   | Reached skill level 5 in Armour
 19688 | Lair:6   | Killed a dire elephant
 21329 | Lair:6   | Found a staircase to the Slime Pits.
 21763 | Lair:6   | Reached XP level 14. HP: 63/116 MP: 14/14
 22020 | Lair:6   | Got a bound iron amulet
 22578 | D:10     | Entered Level 10 of the Dungeon
 22610 | D:10     | Found the +6 shillelagh "Devastator" {shatter}
 22902 | D:10     | Got a smoking shield
 22920 | D:10     | Identified the +4 shield "Ykebef" {Regen+ Str+3 Int-3} (You acquired it on level 10 of the Dungeon)
 22921 | D:10     | Identified the amulet of Nor Nus {Reflect *Corrode rC+++ Str+3 Int-5 SH+4} (You found it on level 6 of the Lair of Beasts)
 23093 | D:10     | Found Pomu's General Store.
 24474 | D:12     | Found a staircase to the Orcish Mines.
 24689 | D:12     | Found Zuwet's Weapon Emporium.
 25632 | Orc:1    | Entered Level 1 of the Orcish Mines
 26094 | Orc:2    | Entered Level 2 of the Orcish Mines
 26183 | Orc:2    | Noticed Sonja
 26193 | Orc:2    | Killed Sonja
 26195 | Orc:2    | Noticed an orc warlord
 26322 | Orc:2    | Found a staircase to the Elven Halls.
 26716 | Orc:2    | Killed an orc warlord
 26953 | Orc:2    | Found Arho's Antique Armour Emporium.
 26974 | Orc:2    | Found an ancient bone altar of Kikubaaqudgha.
 26974 | Orc:2    | Noticed Nergalle
 26983 | Orc:2    | Paralysed by an orc sorcerer for 7 turns
 26992 | Orc:2    | Gained mutation: Your magical capacity is low. (-10% MP) [a neqoxec]
 26993 | Orc:2    | Killed Nergalle
 27081 | Orc:2    | Noticed Erolcha
 27082 | Orc:2    | Found a radiant altar of Vehumet.
 27087 | Orc:2    | Killed Erolcha
 27123 | Orc:2    | Found Cearch's Magic Scroll Shoppe.
 27153 | Orc:2    | Found a roughly hewn altar of Beogh.
 27153 | Orc:2    | Found Atioruirey's Antique Armour Emporium.
 27157 | Orc:2    | Found Cinemuipn's Gadget Shoppe.
 28064 | D:10     | Bought the cursed +1 gold dragon scales "Agym" {rPois rF+ rC+ rN+ Int-5 Slay+3} for 1048 gold pieces
 28101 | D:10     | Bought a scroll of enchant weapon for 82 gold pieces
 28454 | D:13     | Reached XP level 15. HP: 123/124 MP: 13/13
 28469 | D:13     | Got a pair of warped gloves
 28480 | D:13     | Identified the +2 pair of gloves of Immorality {rElec Regen+ Str+8 Dex-4} (You found it on level 13 of the Dungeon)
 29420 | D:14     | Found a gate to the Vaults.
 30158 | D:15     | Entered Level 15 of the Dungeon
 30168 | D:15     | Found a glowing golden altar of the Shining One.
 30188 | D:15     | Found a runed gate.
 30188 | D:15     | Found a runed gate.
 30188 | D:15     | Found a runed gate.
 30252 | D:15     | Noticed Boyl's ghost (novice FoEn)
 30538 | D:15     | Found a staircase to the Depths.
 30681 | D:15     | Reached skill level 15 in Necromancy
 30784 | D:15     | Noticed Rupert
 30795 | D:15     | Killed Rupert
 30960 | Depths:1 | Entered Level 1 of the Depths
 31001 | Depths:1 | Reached skill level 15 in Fighting
 31367 | Depths:1 | Gained mutation: You are mostly covered in thin metallic scales. (AC +3) [demonic ancestry]
 31367 | Depths:1 | Reached XP level 16. HP: 123/136 MP: 14/14
 31505 | Depths:1 | Found Oseddyrr's Jewellery Emporium.
 31505 | Depths:1 | Found Ruobaro's Gadget Boutique.
 31506 | Depths:1 | Found Lom Meha's Gadget Boutique.
 31601 | Depths:1 | Identified Rocwev's Volume of Mutagenic Self-Improvement
 31978 | Depths:1 | Found a gateway to Hell.
 32149 | Depths:2 | Noticed a storm dragon
 32161 | Depths:2 | Killed a storm dragon
 32165 | Depths:2 | Noticed a tengu reaver
 32165 | Depths:2 | Noticed a titan
 32176 | Depths:2 | Killed a tengu reaver
 32180 | Depths:2 | Killed a titan
 32185 | Depths:2 | Noticed a sphinx
 32193 | Depths:2 | Killed a sphinx
 32214 | Depths:2 | Noticed a storm dragon
 32223 | Depths:2 | Reached skill level 10 in Shields
 32225 | Depths:2 | Killed a storm dragon
 32228 | Depths:2 | Noticed a storm dragon
 32241 | Depths:2 | Killed a storm dragon
 32452 | Depths:2 | Noticed Asterion
 32737 | Depths:2 | Killed Asterion
 32737 | Depths:2 | Gained mutation: You are completely covered in thin metallic scales. (AC +4, rElec) [demonic ancestry]
 32737 | Depths:2 | Reached XP level 17. HP: 110/146 MP: 15/15
 32928 | Depths:2 | Noticed a deep elf master archer
 32941 | Depths:2 | Killed a deep elf master archer
 33090 | Depths:2 | Noticed a golden dragon
 33100 | Depths:2 | Killed a golden dragon
 33388 | Depths:1 | Got a warped silver amulet
 33390 | Depths:1 | Identified the amulet of Darphi Kusmi {rPois rF+ rC+ rN+ Regen+} (You found it on level 1 of the Depths)
 33407 | Depths:1 | Paralysed by a great orb of eyes for 7 turns
 33774 | Spider:1 | Entered Level 1 of the Spider Nest
 34194 | Spider:2 | Noticed Agnes
 34204 | Spider:2 | Killed Agnes
 34386 | Spider:2 | Reached skill level 15 in Axes
 35312 | Spider:3 | Reached XP level 18. HP: 156/156 MP: 16/16
 35956 | Spider:4 | Entered Level 4 of the Spider Nest
 36247 | Spider:4 | Noticed Arachne
 36274 | Spider:4 | Killed Arachne
 36274 | Spider:4 | Reached skill level 5 in Dodging
 36279 | Spider:4 | Found a runed door.
 36282 | Spider:4 | Found a shimmering altar of Xom.
 36282 | Spider:4 | Noticed Zeklih's ghost (adept SpEn)
 36566 | Spider:4 | Got a gossamer rune of Zot
 36890 | Shoals:1 | Entered Level 1 of the Shoals
 37051 | Shoals:1 | Found a frozen archway.
 37811 | Shoals:2 | Noticed Nikola
 37851 | Shoals:2 | Killed Nikola
 37943 | Shoals:2 | Found a runed door.
 37947 | Shoals:2 | Noticed Unwiqar's ghost (adept CeHu)
 37985 | Shoals:2 | Killed Unwiqar's ghost
 37985 | Shoals:2 | Reached skill level 10 in Armour
 38308 | Shoals:3 | Reached XP level 19. HP: 164/164 MP: 17/17
 38791 | Shoals:4 | Entered Level 4 of the Shoals
 38834 | Shoals:4 | Identified Cuxeicw's Almanac of Feathers and Heat
 39146 | Shoals:4 | Found Emeaqoifi's Magic Scroll Boutique.
 39174 | Shoals:4 | Bought a scroll of enchant weapon for 82 gold pieces
 39174 | Shoals:4 | Bought a scroll of brand weapon for 220 gold pieces
 39184 | Shoals:4 | Lost mutation: Your magical capacity is low. (-10% MP) [potion of mutation]
 39184 | Shoals:4 | Gained mutation: You are covered in fur. (AC +1) [potion of mutation]
 39184 | Shoals:4 | Gained mutation: Your flesh is heat resistant. (rF+) [potion of mutation]
 39620 | Shoals:4 | Got a barnacled rune of Zot
 40657 | Depths:2 | Noticed the Enchantress
 40677 | Depths:2 | Killed the Enchantress
 41275 | Depths:3 | Noticed a caustic shrike
 41295 | Depths:3 | HP: 6/165 [deep troll shaman (15)]
 41295 | Depths:3 | Splashed by a caustic shrike's acid

Skill      XL: |  1  2  3  4  5  6  7  8  9 10 11 12 13 14 15 16 17 18 19 |
---------------+----------------------------------------------------------+-----
Axes           | 2 3 5 10 9 11 12 14 15 16 | 16.2
Stealth        | 1 2 3 0 |  0.0
Armour         | 3 4 6 9 10 11 | 11.0
Shields        | 3 4 6 7 9 10 11 12 | 12.6
Fighting       | 4 5 9 8 10 11 12 13 15 16 17 18 | 18.8
Necromancy     | 2 5 8 10 12 13 14 15 16 17 18 | 18.0
Dodging        | 2 4 6 7 |  7.7

Action                   |  1- 3 |  4- 6 |  7- 9 | 10-12 | 13-15 | 16-18 | 19-21 || total
-------------------------+-------+-------+-------+-------+-------+-------+-------++-------
Melee: War axe           |   112 |   182 |   736 |   431 |  1186 |  1102 |   479 ||  4228
       Kick              |       |       |       |    50 |   440 |   433 |   168 ||  1091
Throw: Javelin           |       |       |       |     2 |       |       |       ||     2
Invok: Sacrifice Experie |       |       |     1 |       |       |       |       ||     1
       Draw Out Power    |       |       |     1 |       |       |       |     1 ||     2
       Sacrifice Courage |       |       |     1 |       |       |       |       ||     1
       Apocalypse        |       |       |       |     1 |     2 |       |     1 ||     4
       Sacrifice Stealth |       |       |       |     1 |       |       |       ||     1
       Sacrifice Arcana  |       |       |       |     1 |       |       |       ||     1
 Abil: Evoke Berserk Rag |       |       |     1 |       |       |       |       ||     1
Evoke: Wand              |       |       |       |     3 |     2 |       |       ||     5
  Use: Potion            |       |     2 |    10 |     2 |     5 |     1 |     2 ||    22
       Scroll            |       |       |     2 |     2 |    35 |     4 |     8 ||    51
 Stab: Invisible         |       |       |     2 |     4 |     7 |     3 |     1 ||    17
       Distracted        |       |       |     5 |     2 |     3 |     7 |     3 ||    20
       Sleeping          |       |       |     1 |       |       |       |       ||     1
       Paralysed         |       |       |       |     4 |    16 |       |     5 ||    25
       Held in net/web   |       |       |       |       |       |     1 |       ||     1
  Eat: Chunk             |     3 |       |     6 |     5 |    13 |    19 |     7 ||    53
       Ration            |       |     2 |     7 |     4 |     9 |     1 |     2 ||    25
Armor: Scale mail        |    68 |    66 |   334 |   197 |   223 |       |       ||   888
       Skin              |       |       |    11 |       |     3 |       |       ||    14
       Gold dragon scale |       |       |       |       |   153 |   475 |   218 ||   846
Dodge: Dodged            |    35 |    53 |   195 |   131 |   272 |   159 |   103 ||   948
Block: Shield            |    70 |    91 |   347 |   186 |   696 |   704 |   373 ||  2467
